← All builds
Geo sea / Armada / Economy first / OBSERVED BUILD

Standard geo sea

Armada Geo sea build order · Supreme Isthmus

Shipyard in the cove backed by a bot lab, pushing out early submarines and destroyers to contest the sea while teching up to a geothermal plant around 7:46, the role's bread-and-butter naval contest.

Usually shipyard in the cove (87%)

#naval #eco · 803 distinct matches · 105 players · 80% of Armada Geo sea games · team won 54% of 859 · Recently observed

HOW TO PLAY IT

Key timing: Shipyard by 3:13

  1. Open 3 mex and wind into Bot Lab.
  2. Put up Shipyard with naval turret and BP for defense.
  3. Send out "submarine" then "destroyer" to contest the sea.
  4. Bring geothermal online to fund the fleet.
  5. Add Advanced Metal Extractor as the economy transitions.

Phase by phase

TYPICAL OF ITS 803 GAMES
  1. 1
  2. 2
  3. 3
  4. 4
PLAY THE OPENING

Follow the example game's first 6:00 step by step: what to build now, what comes next, and where it goes. At 1× it keeps pace with your own game.

  1. 1

    Up to the Bot Lab

    Economy
    • Metal Extractor3Mex
    • Wind Turbine3Wind
    Order
    1. Bot LabBot Lab after 3 mex, 3 winddone ~1:12, middle half 1:06–1:17

    Some games also: wind for allies (43%)

    By 0:55 in all: 3 mex · 3 wind

    The example game in this phase · 7 steps
    1. Mex ×3
    2. Windfor Air
    3. Solar
    4. Windfor Air
    5. Wind
    6. Energy storage
    7. Bot LabBot Labdone 1:41 · typical 1:12
  2. 2

    Bot Lab to Shipyard

    Economy
    • Metal Extractor1Mex
    • Wind Turbine1Wind
    Order
    1. ShipyardShipyard after 4 mex, 4 winddone ~3:11, middle half 2:50–3:37
    Builders
    • Construction Bot3 Con bot
    • Lazarus2 Lazarus

    Some games also: pawn (44%) · con turret (38%) · crossbow (36%)

    By 2:48 in all: 4 mex · 4 wind

    The example game in this phase · 6 steps
    1. Construction BotCon bot
    2. LazarusLazarus
    3. Construction BotCon bot
    4. LazarusLazarus
    5. CrossbowCrossbow
    6. ShipyardShipyarddone 2:57 · typical 3:11
  3. 3

    Shipyard to 5:00

    Economy
    • Metal Extractor4Mex
    • Wind Turbine1Wind
    Builders
    • Construction Ship1 Con ship
    Army
    • Dolphin3 Dolphin
    • Skater1 Skater
    Other
    • Radar Tower1 Radar Tower

    Some games also: destroyer (50%) · submarine (44%) · Sentry (43%) · converter (33%) · pawn (31%)

    By 5:00 in all: 8 mex · 7 wind · 1 energy storage · 1 con turret

    The example game in this phase · 21 steps
    1. Construction BotCon bot
    2. Mex
    3. EelSubmarinedone 3:20 · typical 4:22
    4. LazarusLazarus
    5. PawnPawn
    6. DolphinDolphin ×2
    7. Mex
    8. Construction ShipCon ship
    9. Naval Radar / Sonar TowerNaval Radar / Sonar Tower
    10. DolphinDolphin ×3
    11. Mex
    12. DolphinDolphin
    13. Mex
    14. Grim ReaperGrim Reaper
    15. Con turret
    16. Radar TowerRadar Tower
    17. Mex
    18. DolphinDolphin
    19. Dragon's TeethDragon's Teeth
    20. Wind
    21. Dragon's TeethDragon's Teeth
  4. 4

    5:00 to 10:00

    Economy
    • Metal Extractor2Mex
    • Wind Turbine12Wind
    • Energy Converter2Converter
    Builders
    • Construction Turret1 Con turret
    • Grim Reaper2 Grim Reaper
    • Construction Ship1 Con ship
    Army
    • Sentry1 Sentry
    • Dolphin4 Dolphin
    • Skater2 Skater
    • Corsair2 Destroyer

    Some games also: Radar Tower (48%) · Harpoon (40%) · geo (40%) · frigate (38%) · Naval Construction Turret (33%)

    By 10:00 in all: 11 mex · 19 wind · 1 geo · 4 converter · 1 energy storage · 2 con turret

    The example game in this phase · 114 steps
    1. Dragon's TeethDragon's Teeth ×2
    2. EelSubmarine
    3. Dragon's TeethDragon's Teeth
    4. Wind
    5. Dragon's TeethDragon's Teeth ×5
    6. Wind
    7. Mex
    8. DolphinDolphin
    9. Dragon's TeethDragon's Teeth ×2
    10. Wind
    11. Dragon's TeethDragon's Teeth
    12. Con turret
    13. Dragon's TeethDragon's Teeth ×2
    14. HarpoonHarpoon
    15. Dragon's TeethDragon's Teeth
    16. DolphinDolphin
    17. Dragon's TeethDragon's Teeth ×4
    18. SkaterSkater
    19. Dragon's TeethDragon's Teeth ×3
    20. DolphinDolphin
    21. Dragon's TeethDragon's Teeth
    22. Wind
    23. Dragon's TeethDragon's Teeth ×2
    24. Wind
    25. EelSubmarine
    26. Dragon's TeethDragon's Teeth ×2
    27. Con turret
    28. Dragon's TeethDragon's Teeth ×4
    29. Naval Radar / Sonar TowerNaval Radar / Sonar Tower
    30. Dragon's TeethDragon's Teeth ×3
    31. Wind
    32. Dragon's TeethDragon's Teeth
    33. EelSubmarine
    34. Wind
    35. Dragon's TeethDragon's Teeth ×2
    36. Wind
    37. DolphinDolphin
    38. Dragon's TeethDragon's Teeth
    39. CorsairDestroyerdone 7:52 · typical 5:36
    40. Wind
    41. Dragon's TeethDragon's Teeth
    42. Naval Radar / Sonar TowerNaval Radar / Sonar Tower
    43. Dragon's TeethDragon's Teeth ×3
    44. Wind
    45. CorsairDestroyer
    46. Wind
    47. Naval Radar / Sonar TowerNaval Radar / Sonar Tower
    48. Converter
    49. Con turret
    50. Converter
    51. HarpoonHarpoon
    52. CorsairDestroyer
    53. SentrySentry
    54. Converter
    55. Geothermal PowerplantGeodone 9:57 · typical 7:46
    56. Converter
    57. Mex ×2
    58. Radar TowerRadar Tower
    59. Energy storage
    60. DolphinDolphin
    61. ShipyardShipyarddone 10:18
    62. Converter ×3
    63. CorsairDestroyer
    64. Converter ×3
    65. Metal storage
    66. Construction ShipCon ship
    67. Converter ×3
    68. Construction ShipCon ship ×2
    69. SkaterSkater
    70. DolphinDolphin ×2
    71. Naval Construction Turret
    72. Advanced Metal ExtractorT2 mexdone 12:44 · typical 9:19
    73. DolphinDolphin ×2
    74. Wind
    75. DolphinDolphin
    76. Wind
    77. Advanced Metal ExtractorT2 mex
    78. DolphinDolphin
    79. Wind
    80. DolphinDolphin ×2
    81. Naval Construction Turret
    82. DolphinDolphin
    83. Con turret
    84. Advanced Metal ExtractorT2 mex
    85. DolphinDolphin
    86. SkaterSkater
    87. Con turret
    88. Naval Construction Turret
    89. DolphinDolphin ×3
    90. Wind
    91. DolphinDolphin
    92. Wind
    93. DolphinDolphin
    94. Wind
    95. DolphinDolphin
    96. Wind
    97. DolphinDolphin
    98. Wind
    99. DolphinDolphin
    100. Converter
    101. DolphinDolphin
    102. Advanced Metal ExtractorT2 mex
    103. Grim ReaperGrim Reaper
    104. Converter
    105. Wind
    106. Grim ReaperGrim Reaper
    107. Wind
    108. Grim ReaperGrim Reaper
    109. Wind ×2
    110. DolphinDolphin
    111. Wind
    112. SkaterSkater
    113. Wind ×2
    114. EelSubmarine

Counts are medians over the build's games: half of them build more, half fewer. The example game is Godmother13's (39 OS, 03/10/2026); pick another.

Team trades

IN AT LEAST 30% OF ITS GAMES

You hand over

  • Wind Turbine2 Wind to Air or Techfirst at 1:41 · in 60% of games

You get

  • Finch1 Finch from Airfirst at 1:51 · in 73% of games
  • Hercules1 Light transport from Airfirst at 2:05 · in 61% of games
  • Advanced Construction Bot1 T2 con bot from Techfirst at 7:42 · in 89% of games

How it plays out

Typical game of this build, running totals by minute

Metal produced

010k20k30k
0:005:0010:0015:00

metal

Enemy metal destroyed

05k10k
0:005:0010:0015:00

metal

Own metal lost

02.5k5k7.5k
0:005:0010:0015:00

metal

859 games.

Show as table
ByMetal produced: This buildEnemy metal destroyed: This buildOwn metal lost: This build
1:0039500
2:0092800
3:00160600
4:002902050
5:00414218160
6:005551546300
7:0071071003622
8:00873617131011
9:001061624701665
10:001290533572248
11:001549945763166
12:001850357073963
13:002176468664834
14:002543779055686
15:002895489996664
WHAT THE NUMBERS SAY

Standard Armada geo sea nearly matches Cortex's economy numbers but wins slightly more often at 53%.

  • + Metal produced reaches 28785 by 15:00, the highest of the sea builds
  • + Own metal lost of 6895 stays well under enemy metal destroyed's 9048
  • − Geothermal only lands in 58% of games by 7:34
  • − T2 factory completes in only 40% of games by 12:43
THE EXAMPLE YOU ARE READING

Godmother13

38.7 OS · 03/10/2026

Open source match ↗

4 received units · includes a constructor
376 metal received · 30830 energy received

Allied construction assistance is unknown. Timings are observations, not a promise of solo reproducibility.

Typical milestones

Bot Lab1:12Middle 50%: 1:06–1:17 · n=825
Shipyard3:11Middle 50%: 2:50–3:37 · n=848
Eel4:22Middle 50%: 3:41–5:34 · n=505
Corsair5:36Middle 50%: 4:52–6:35 · n=796
Geothermal Powerplant7:46Middle 50%: 6:51–9:14 · n=521
Advanced Metal Extractor9:19Middle 50%: 8:37–10:06 · n=748

Played most by

_X_78games of this buildOptimusprimenutt52games of this buildKingBenjai50games of this buildWashedGamuer49games of this buildRexalidus38games of this build